 Dungeon Crawl Stone Soup version 0.31-a0-75-g6fe912e8c5 (webtiles) character file.

Game seed: 1038911379257605207

1123 lunkers the Merchant of Misery (level 8, -2/57 HPs)
             Began as a Meteoran Earth Elementalist on May 24, 2023.
             Was a Believer of Kikubaaqudgha.
             Slain by an orc
             ... wielding a +0 club
              (3 damage)
             ... on level 6 of the Dungeon.
             The game lasted 00:06:43 (2135 turns).

lunkers the Merchant of Misery (MeEE)               Turns: 2135, Time: 00:06:44

Health: -2/57      AC:  3    Str:  9    XL:     8   Next: 92%
Magic:  8/14       EV: 12    Int: 18    God:    Kikubaaqudgha [**....]
Gold:   263        SH:  0    Dex: 16    Spells: 8/14 levels left

rFire   . . .        a - +0 whip (pain)
rCold   . . .        (no shield)
rNeg    . . .        p - +0 robe
rPois   .            w - +0 helmet
rElec   .            (no cloak)
rCorr   .            (no gloves)
SInv    .            (no boots)
Will    +....        (no amulet)
Stlth   +            (no ring)
HPRegen 0.29/turn    (no ring)
MPRegen 0.14/turn

%: no passive effects
@: glowing
A: sense surroundings 1, otherworldly, glowing, explore regen
a: Renounce Religion, Unearth Wretches


You were on level 6 of the Dungeon.
You worshipped Kikubaaqudgha.
Kikubaaqudgha was pleased with you.
You visited 1 branch of the dungeon, and saw 6 of its levels.

You collected 263 gold pieces.

Inventory:

Hand Weapons
 a - a +0 whip of pain (weapon)
 s - a +1 dagger of draining
 y - a +2 dagger of speed
Armour
 p - a +0 robe (worn)
 w - a +0 helmet (worn)
Wands
 x - a wand of flame (16)
Scrolls
 c - 2 scrolls of amnesia {unknown}
 d - a scroll of torment {unknown}
 e - 2 scrolls of poison {unknown}
 j - a scroll of fear {unknown}
 k - 4 scrolls of identify {unknown}
 l - 2 scrolls of immolation {unknown}
 m - 3 scrolls of teleportation {unknown}
 n - a scroll of summoning {unknown}
 q - 2 scrolls of vulnerability {unknown}
 v - a scroll of magic mapping {unknown}
Potions
 b - a potion of magic
 f - 3 potions of cancellation {unknown}
 g - a potion of enlightenment {unknown}
 h - 2 potions of ambrosia {unknown}
 i - a potion of brilliance {unknown}
 o - 2 potions of might {unknown}
 r - a potion of lignification {unknown}
 t - a potion of heal wounds {unknown}
 u - a potion of attraction {unknown}


   Skills:
 * Level 1.3 Maces & Flails
 - Level 2.4 Dodging
 - Level 1.4 Stealth
 - Level 3.6 Spellcasting
 - Level 2.2 Conjurations
 + Level 9.2 Necromancy
 - Level 1.2 Transmutations
 - Level 5.1 Earth Magic


You had 8 spell levels left.
You knew the following spells:

 Your Spells              Type           Power      Damage    Failure   Level
a - Sandblast             Erth           42%        2d11      1%          1
b - Passwall              Tmut/Erth      10%        N/A       8%          2
c - Stone Arrow           Conj/Erth      30%        3d8       12%         3

Your spell library contained the following spells:

 Spells                   Type           Power      Damage    Failure   Level
 Kiss of Death            Conj/Necr      88%        2d12      1%          1
 Necrotise                Necr           100%       1d9       1%          1
 Vampiric Draining        Necr           36%        2d8       1%          3
 Animate Dead             Necr           36%        N/A       3%          4
 Magic Dart               Conj           44%        1d5       6%          1
 Apportation              Tloc           6%         N/A       16%         1
 Summon Small Mammal      Summ           12%        N/A       16%         1
 Petrify                  Tmut/Erth      13%        N/A       45%         4
 Ice Form                 Ice/Tmut       3%         N/A       82%         4
 Arcjolt                  Conj/Air       2%         1d12      97%         5
 Summon Forest            Summ/Tloc      0%         N/A       99%         5
 Summon Mana Viper        Hex/Summ       1%         N/A       99%         5
 Summon Cactus Giant      Summ           1%         N/A       100%        6


Dungeon Overview and Level Annotations

Branches:
Dungeon (6/15) Zot: 1376   Temple (0/1) D:4

Altars:
Kikubaaqudgha
Xom

Shops:
D:3 :

Annotations:
D:3 2 transporters, patfeehan111222's ghost, weakling OpTm


Innate Abilities, Weirdness & Mutations

You passively map a small area around you.
You are easily found by Zot.
You glow in the dark.
You regain HP and MP as you explore.


Message History

Aiming: Sandblast (safe; 1% risk of failure)
Press: ? - help, Q - select action, (/) - cycle Shift-Dir - straight line, f - white imp
Aim: a white imp (83% to hit)
The blast of sand hits the white imp!
The white imp is almost dead.
The white imp hits you.
* * * LOW HITPOINT WARNING * * *
The white imp freezes you.
* * * LOW HITPOINT WARNING * * *
Something hits you but does no damage.
The white imp hits you but does no damage.
Aiming: Sandblast (safe; 1% risk of failure)
Press: ? - help, Q - select action, (/) - cycle Shift-Dir - straight line, f/p - white imp
Aim: a white imp (almost dead, 83% to hit)
The blast of sand hits the white imp!
You kill the white imp!
Kikubaaqudgha accepts your kill.
Kikubaaqudgha is now protecting you from necromantic miscasts and death curses.
The sky beast flickers out of sight!
Something hits you.
* * * LOW HITPOINT WARNING * * *
Aiming: Sandblast (safe; 1% risk of failure)
Press: ? - help, Q - select action, (/) - cycle Shift-Dir - straight line, f - orc
Aim: an orc, wielding a +2 heavy mace and wearing a +0 ring mail (85% to hit)
The blast of sand hits the orc but does no damage.
The orc throws a stone.
The stone hits you.
* * * LOW HITPOINT WARNING * * *
Something hits you but does no damage. The orc barely misses you.
Something hits you.
* * * LOW HITPOINT WARNING * * *
Unknown command.
Aiming: Sandblast (safe; 1% risk of failure)
Press: ? - help, Q - select action, (/) - cycle Shift-Dir - straight line, f/p - orc
Aim: an orc, wielding a +2 heavy mace and wearing a +0 ring mail (85% to hit)
The blast of sand hits the orc.
The orc is moderately wounded.
The orc hits you with a +2 heavy mace!
* * * LOW HITPOINT WARNING * * *
The orc hits you with a +0 club.
You die...
Kikubaaqudgha rasps: "You have failed me!
Welcome... death!"

####.#.............##..........[
#.............#...<.........#
###.........................#
######...#####................#
.........#####................#
............##................#
.......)....##.......########.#
.....)).....##o......# #.#
............'o@..##### #.#
............##)..#* #.#
..................... #.#
.....................# #.#
........###..........# #..
.######* ######.##### ** ### *
... * * ** , ### * ,*


You could see 2 orcs.

Vanquished Creatures
  Menkaure (D:4)
  A black bear (D:5)
  A sky beast (D:6)
  An ogre (D:6)
  3 phantoms
  2 scorpions
  2 orc priests (D:6)
  A hound (D:5)
  A gnoll bouda (D:5)
  3 orc wizards
  6 gnolls
  4 adders
  A shadow imp (D:6)
  2 white imps
  2 worms
  A dart slug (D:2)
  10 orcs
  7 endoplasms
  A giant cockroach (D:3)
  7 goblins
  3 hobgoblins
  4 jackals
  3 quokkas
  2 ball pythons (D:1)
  5 bats
  4 frilled lizards
  12 kobolds
  3 rats
93 creatures vanquished.

Notes
Turn   | Place    | Note
-------+----------+-------------------------------------------
     0 | D:1      | lunkers the Meteoran Earth Elementalist began the quest for
                  | the Orb.
     0 | D:1      | Reached XP level 1. HP: 14/14 MP: 5/5
    87 | D:1      | Reached XP level 2. HP: 20/20 MP: 2/6
   223 | D:1      | Reached XP level 3. HP: 26/26 MP: 4/8
   259 | D:1      | Got the Commentary on the Barrage and Vicissitude
   283 | D:1      | Learned a level 2 spell: Passwall
   287 | D:1      | Learned a level 3 spell: Stone Arrow
   491 | D:2      | Reached skill level 1 in Conjurations
   502 | D:2      | Reached XP level 4. HP: 33/33 MP: 7/10
   545 | D:2      | Reached skill level 5 in Earth Magic
   751 | D:3      | Reached XP level 5. HP: 38/38 MP: 9/11
   779 | D:3      | Identified the +4 spear "Grum" {elec, rN+ Str+3}
   793 | D:3      | Found an ancient bone altar of Kikubaaqudgha.
   820 | D:3      | Became a worshipper of Kikubaaqudgha
   865 | D:3      | Found a transporter.
   920 | D:3      | Found a transporter.
   945 | D:3      | Found Qakhi's Book Emporium.
  1108 | D:3      | Noticed patfeehan111222's ghost (weakling OpTm)
  1144 | D:4      | Found a shimmering altar of Xom.
  1206 | D:4      | Found a staircase to the Ecumenical Temple.
  1213 | D:4      | Noticed Menkaure
  1218 | D:4      | Killed Menkaure
  1219 | D:4      | Reached skill level 3 in Necromancy
  1219 | D:4      | Reached XP level 6. HP: 36/45 MP: 8/12
  1265 | D:4      | Reached skill level 4 in Necromancy
  1348 | D:4      | Reached XP level 7. HP: 43/46 MP: 10/13
  1360 | D:4      | Reached skill level 5 in Necromancy
  1447 | D:5      | Entered Level 5 of the Dungeon
  1456 | D:5      | Reached * piety under Kikubaaqudgha
  1456 | D:5      | Received a gift from Kikubaaqudgha
  1493 | D:5      | Reached skill level 6 in Necromancy
  1629 | D:5      | Reached XP level 8. HP: 48/57 MP: 10/14
  1771 | D:5      | Reached skill level 7 in Necromancy
  1912 | D:6      | Reached skill level 8 in Necromancy
  2051 | D:6      | Reached skill level 9 in Necromancy
  2132 | D:6      | Reached skill level 1 in Maces & Flails
  2133 | D:6      | Reached ** piety under Kikubaaqudgha
  2135 | D:6      | HP: 1/57 [orc/+2 heavy mace (7)]
  2135 | D:6      | Slain by an orc

Illustrated notes

Levels and vault maps discovered:
D:1:      saegor_arrival_simple_c, layout_basic
D:2:      layout_rooms, minmay_fountain_box, minmay_goblin_kobold_house
D:3:      layout_rooms, lemuel_round_altar, gammafunk_ghost_gnarly_gnolls,
          serial_shops, nicolae_shop_rolling_square, chequers_jeans, hex_tiny
D:4:      layout_basic, mainiacjoe_overflow_alcove_1, okawaru_trees_2,
          mainiacjoe_overflow_boulevard, minmay_temple_entry_drinking_statues,
          minmay_box_of_dots, uniq_menkaure
D:5:      layout_layer_cave, mainiacjoe_overflow_surrounded_room,
          uniq_prince_ribbit1
D:6:      layout_basic, lemuel_zombie_altar_yredelemnul, serial_shops, shop

Skill      XL: |  1  2  3  4  5  6  7  8 |
---------------+-------------------------+-----
Earth Magic    | 4 5 |  5.1
Spellcasting   | 3 |  3.6
Conjurations   | 1 2 |  2.2
Necromancy     | 3 4 6 9 |  9.2
Maces & Flails | 1 |  1.3
Dodging        | |  2.4
Stealth        | |  1.4
Transmutations | |  1.2

Action                     |  1- 3 |  4- 6 |  7- 9 || total
---------------------------+-------+-------+-------++-------
  Melee: Dagger            |       |       |     1 ||     1
   Cast: Sandblast         |    37 |    60 |    81 ||   178
 Armour: Robe              |    10 |     3 |     8 ||    21
  Dodge: Dodged            |    10 |     7 |    30 ||    47

Table legend: (Time is in decaauts)
 A = Elapsed time spent in this place.
 B = Non-inter-level travel time spent in this place.
 C = Inter-level travel time spent in this place.
 D = Time resting spent in this place.
 E = Time spent auto-exploring this place.
 F = Levels seen in this place.
 G = Mean time per level.
                   A        B        C        D        E       F      G
               +--------+--------+--------+--------+--------+-----+--------+
         Total |   2221 |   2169 |     52 |      0 |   1616 |   6 |  370.2 |
       Dungeon |   2221 |   2169 |     52 |      0 |   1616 |   6 |  370.2 |
               +--------+--------+--------+--------+--------+-----+--------+

Top non-repeatable levels by time:
     D:5: 473 daAuts
     D:1: 455 daAuts
     D:3: 401 daAuts
     D:4: 325 daAuts
     D:2: 316 daAuts
     D:6: 249 daAuts
